AoeStats
← ben1guerard

Arena

509693935Analyzed
1v1 RM · 5d ago on Sep 27, 2026· 36m 48s· 2 players
Game mode
Random Map
Map size
Tiny (2 player)
Population
200
Speed
Normal
Resources
Standard
Victory
Conquest
Starting age
Dark Age
Ending age
Imperial Age
RankedLock teamsTeams togetherTeam positionsShared explorationLock speedFull tech treeHidden civsTurbo modeCheats
Victory
Defeat
🇪🇸 Burgundians · Spain
975
+17
🇨🇦 Bohemians · Canada
999
-17
Riojacity
5:10 Double-Bit Axe
9:46 Feudal Age
11:04 Bow Saw
10:38 Horse Collar
11:29 Loom
12:17 Heavy Plow
14:35 Wheelbarrow
18:01 Castle Age
17:53 Hand Cart
17:27 Town Watch
18:00 Gold Mining
18:28 Stone Mining
19:18 Gold Shaft Mining
21:03 Two-Man Saw
21:32 Forging
21:27 Scale Barding Armor
22:34 Husbandry
21:55 Cavalier
25:28 Stone Shaft Mining
26:37 Town Patrol
31:52 Imperial Age
30:11 Chain Barding Armor
30:52 Burgundian Vineyards
32:03 Iron Casting
33:46 Blast Furnace
33:38 Fletching
35:00 Plate Barding Armor
33:49 Paladin
34:52 Bodkin Arrow
36:18 Light Cavalry
ben1guerard
7:39 Loom
11:01 Feudal Age
16:00 Castle Age
15:23 Double-Bit Axe
21:30 Horse Collar
22:04 Bow Saw
23:40 Pikeman
26:04 Scale Mail Armor
31:23 Chain Mail Armor
31:19 Forging
32:36 Wheelbarrow
31:47 Town Watch
33:19 Chemistry
35:53 Imperial Age
33:30 Padded Archer Armor
34:47 Leather Archer Armor
35:08 Iron Casting
35:12 Redemption
36:03 Halberdier
Connection lost

Rejoining the realm…

Still unreachable

The connection could not be restored.

Session expired

The server has moved on; the page needs a fresh start.